 Dungeon Crawl Stone Soup version 0.29.0-4-gdea44cf6ec (webtiles) character file.

Game seed: 281315338475500981

98 qw the Chopper (level 4, -4/26 HPs)
             Began as a Tengu Warper on Aug 28, 2022.
             Slain by an orc priest
             ... wielding a +0 falchion
              (5 damage)
             ... on level 3 of the Dungeon.
             The game lasted 00:00:13 (2652 turns).

qw the Chopper (Tengu Warper)                       Turns: 2652, Time: 00:00:13

Health: -4/26      AC:  6    Str: 13    XL:     4   Next: 71%
Magic:  8/8        EV: 11    Int: 14    God:
Gold:   175        SH:  0    Dex: 13    Spells: 7/7 levels left

rFire   . . .      SeeInvis .   Y - +5 hand axe
rCold   . . .      Faith    .   (no shield)
rNeg    . . .      Spirit   .   k - +0 ring mail
rPois   .          Reflect  .   (helmet restricted)
rElec   .          Harm     .   (no cloak)
rCorr   .          Rampage  .   d - +0 pair of gloves
Will    .....                   (boots unavailable)
Stlth   +.........              (no amulet)
HPRegen 0.08/turn               (no ring)
MPRegen 0.11/turn               (no ring)

@: no status effects
A: beak, talons 3
a: no special abilities


You were on level 3 of the Dungeon.
You visited 1 branch of the dungeon, and saw 3 of its levels.

You collected 175 gold pieces.


Innate Abilities, Weirdness & Mutations

You have a beak for a mouth.
You have claws for feet.


   Skills:
 - Level 2.0 Fighting
 + Level 5.2 Axes
 - Level 1.0 Throwing
 - Level 1.1 Armour
 - Level 2.1 Dodging
 - Level 2.0 Spellcasting
 - Level 2.4 Translocations


You had 7 spell levels left.
You didn't know any spells.
Your spell library contained the following spells:

 Spells                   Type           Power      Damage    Failure   Level
 Blink                    Tloc           16%        N/A       28%         2
 Gell's Gravitas          Tloc           8%         N/A       50%         3
 Lesser Beckoning         Tloc           8%         N/A       50%         3
 Teleport Other           Tloc           8%         N/A       50%         3
 Manifold Assault         Tloc           8%         N/A       99%         5

Inventory:

Hand Weapons
 l - a +0 flail
 Y - a +5 hand axe (weapon)
Armour
 d - a +0 pair of gloves (worn)
 k - a +0 ring mail (worn)
Jewellery
 m - a ring of poison resistance
Scrolls
 c - a scroll of identify
 g - a scroll of fear {unknown}
 h - a scroll of enchant armour {unknown}
 j - a scroll of teleportation {unknown}
Potions
 a - a potion of heal wounds {unknown}
 b - a potion of haste {unknown}
 e - a potion of curing {unknown}
 f - a potion of attraction {unknown}
 i - a potion of invisibility {unknown}

Dungeon Overview and Level Annotations

Branches:
Dungeon (3/15)

Altars:
Dithmenos
Fedhas


Message History

You hit the orc but do no damage. You peck the orc.
The orc is lightly wounded.
The orc hits you but does no damage.
An orc comes into view. It is wielding a +0 trident.
2643 ||| Stepping ~*~*~tactically~*~*~ (stealth).
You closely miss the orc.
The orc shouts!
You claw the orc, but do no damage.
The orc is lightly wounded.
The orc misses you.
You hit the orc but do no damage. You claw the orc, but do no damage.
The orc is lightly wounded.
An orc priest comes into view. It is wielding a +0 falchion.
The orc barely misses you.
You hit the orc.
You kill the orc!
You closely miss the orc. The orc barely misses you.
You closely miss the orc. The orc barely misses you. x2
You slash the orc!
You kill the orc!
The orc hits you but does no damage. The orc hits you with a +0 trident.
The orc priest barely misses you.
You see here a +0 war axe.
You hit the orc priest but do no damage.
You hit the orc. The orc barely misses you.
The orc priest invokes the aid of Beogh against you.
Pain shoots through your body! The orc misses you.
The orc priest miscasts a cantrip.
You slash the orc!
You kill the orc!
You hit the orc priest but do no damage.
The orc priest invokes the aid of Beogh against you.
Pain shoots through your body!
You hit the orc priest but do no damage.
Your kick misses the orc priest.
The orc priest hits you with a +0 falchion.
You die...

.# ##.## ###.......#
.#.#...# #....#....#
.#.#...# #.#..#...##
...#...# #.#.##...#
.###.### #.###...##
.###.#####.###...#
...........##...^#
####.########...)###
####.## #...@).#
......# #....o.#
####### #.........
..#77.7# ##.....####
..#....# #.....#
..'.77.# ##..#.#
..#7.7.# #..#.#
..#77.7# ##.#.#
..######


You could see an orc priest.

Vanquished Creatures
  Jessica (D:2)
  2 adders
  A worm (D:2)
  2 dart slugs (D:1)
  3 orcs (D:3)
  2 endoplasms (D:3)
  2 giant cockroaches
  4 hobgoblins
  2 jackals (D:2)
  4 kobolds
  3 quokkas (D:2)
  4 ball pythons
  2 bats
  A frilled lizard (D:3)
  5 goblins
  4 rats
42 creatures vanquished.

Notes
Turn   | Place    | Note
-------+----------+-------------------------------------------
     0 | D:1      | qw the Tengu Warper began the quest for the Orb.
     0 | D:1      | Reached XP level 1. HP: 12/12 MP: 4/4
     0 | D:1      | 0 ||| qw: Version: 0.1-a-89-g26bdef1
     0 | D:1      | 0 ||| qw: Game counter: 709
     0 | D:1      | 0 ||| qw: Always use a shield: true
     0 | D:1      | 0 ||| qw: God list: Okawaru
     0 | D:1      | 0 ||| qw: Allow faded altars: false
     0 | D:1      | 0 ||| qw: Do Orc after D:15 true
     0 | D:1      | 0 ||| qw: Do second Lair branch before Depths: true
     0 | D:1      | 0 ||| qw: Lair rune preference: random
     0 | D:1      | 0 ||| qw: Plans: Normal
     0 | D:1      | 0 ||| PLANNING D:1-11
   582 | D:1      | 582 ||| Stepping ~*~*~tactically~*~*~ (hiding).
   684 | D:1      | 684 ||| Stepping ~*~*~tactically~*~*~ (hiding).
   693 | D:1      | Reached skill level 3 in Axes
   693 | D:1      | Reached XP level 2. HP: 8/17 MP: 6/6
   956 | D:1      | 956 ||| DROPPING +0 club.
  1170 | D:1      | 1170 ||| DROPPING +0 whip.
  1320 | D:1      | 1320 ||| UPGRADING to +0 ring mail.
  1330 | D:1      | 1330 ||| DROPPING +0 leather armour.
  1331 | D:1      | 1331 ||| READING scroll labelled AXOASICREK.
  1332 | D:1      | 1332 ||| READING scroll labelled JOAG ASHUGEO.
  1333 | D:1      | 1333 ||| READING 3 scrolls labelled FYSSATSISA.
  1334 | D:1      | 1334 ||| READING 2 scrolls of enchant weapon.
  1334 | D:1      | 1334 ||| ENCHANTING +1 hand axe.
  1335 | D:1      | 1335 ||| READING scroll of enchant weapon.
  1335 | D:1      | 1335 ||| ENCHANTING +2 hand axe.
  1336 | D:1      | 1336 ||| READING scroll labelled HOACRU YBEXA.
  1337 | D:1      | 1337 ||| DRINKING 2 ruby potions.
  1338 | D:1      | 1338 ||| DROPPING scroll of blinking.
  1339 | D:1      | 1339 ||| DROPPING potion of flight.
  1437 | D:2      | Noticed Jessica
  1445 | D:2      | Reached XP level 3. HP: 20/21 MP: 7/7
  1446 | D:2      | Killed Jessica
  1447 | D:2      | Reached skill level 4 in Axes
  1486 | D:2      | 1486 ||| Stepping ~*~*~tactically~*~*~ (stealth).
  1606 | D:2      | 1606 ||| Stepping ~*~*~tactically~*~*~ (stealth).
  1607 | D:2      | 1607 ||| Stepping ~*~*~tactically~*~*~ (stealth).
  1611 | D:2      | 1611 ||| Stepping ~*~*~tactically~*~*~ (stealth).
  1614 | D:2      | 1614 ||| Stepping ~*~*~tactically~*~*~ (stealth).
  1615 | D:2      | 1615 ||| Stepping ~*~*~tactically~*~*~ (stealth).
  1617 | D:2      | 1617 ||| Stepping ~*~*~tactically~*~*~ (stealth).
  1628 | D:2      | 1628 ||| Stepping ~*~*~tactically~*~*~ (stealth).
  1639 | D:2      | Reached XP level 4. HP: 26/26 MP: 8/8
  1873 | D:2      | 1873 ||| READING scroll of enchant weapon.
  1873 | D:2      | 1873 ||| ENCHANTING +3 hand axe.
  2126 | D:2      | 2126 ||| UPGRADING to +0 pair of gloves.
  2280 | D:3      | Found a blossoming altar of Fedhas.
  2301 | D:3      | Noticed an oklob plant
  2392 | D:3      | Reached skill level 5 in Axes
  2414 | D:3      | 2414 ||| READING scroll of enchant weapon.
  2414 | D:3      | 2414 ||| ENCHANTING +4 hand axe.
  2418 | D:3      | Found a shadowy altar of Dithmenos.
  2626 | D:3      | Found a faded altar of an unknown god.
  2643 | D:3      | 2643 ||| Stepping ~*~*~tactically~*~*~ (stealth).
  2651 | D:3      | HP: 1/26 [orc priest/nerve-wracking pain (12)]
  2652 | D:3      | Slain by an orc priest

Levels and vault maps discovered:
D:1:      dpeg_chamrin_arrival_tetris, layout_loops_corners
D:2:      layout_rooms, chequers_serial_rivers_large_a, serial_bayou_lake_a,
          uniq_jessica
D:3:      layout_loops_cross, tgw_fedhas, grunt_dithmenos_smoke,
          amcnicky_altar_gilded, hellmonk_ecumenical_altar_zigzags,
          minmay_misc_feat_alley, chequers_arboretum, minmay_misc_feat_pillars

Skill      XL: |  1  2  3  4 |
---------------+-------------+-----
Axes           | 3 4 5 |  5.2
Fighting       | |  2.0
Throwing       | |  1.0
Armour         | |  1.1
Dodging        | |  2.1
Spellcasting   | |  2.0
Translocations | |  2.4

Action                   |  1- 3 |  4- 6 || total
-------------------------+-------+-------++-------
Melee: Hand axe          |    48 |    45 ||    93
       Kick              |    12 |     7 ||    19
       Peck              |     9 |     5 ||    14
       Punch             |     1 |       ||     1
Throw: Boomerang         |     7 |       ||     7
  Use: Scroll            |     6 |     2 ||     8
       Potion            |     1 |       ||     1
Armor: Ring mail         |     7 |    10 ||    17
       Leather armour    |     1 |       ||     1
Dodge: Dodged            |    23 |    20 ||    43

Table legend:
 A = Non-vault XP
 B = Vault XP
 C = Vault XP percentage of total XP
 D = Non-vault monster count
 E = Vault monster count
 F = Vault count percentage of total count
                 A         B        C        D         E       F
            +---------+---------+-------+---------+---------+-------
      Total |     104 |      37 |  26.2 |      41 |       1 |   2.4
            +---------+---------+-------+---------+---------+-------
        D:1 |      26 |       0 |   0.0 |      13 |       0 |   0.0
        D:2 |      44 |      37 |  45.7 |      16 |       1 |   5.9
        D:3 |      34 |       0 |   0.0 |      12 |       0 |   0.0
            +---------+---------+-------+---------+---------+-------
